Map: Cyber Forest LE

Players

pHARM - Winner!

  • Race: Zerg Zerg
  • League: Platinum
  • Spawn Location: 11:00

TinyDemon

  • Race: Protoss Protoss
  • League: Platinum
  • Spawn Location: 5:00

VOD

Have the link to the VOD?

Description

Time

  • Played on: July 29, 2019, 3:46 p.m.
  • Length: 20:42
Show
View Real Time Build Order
Export as new Build Order

pHARM Zerg - Winner!

Build Orders: Hatch First, Swarm Host 

Get SALT Encoding   

  12  0:01  Drone  
  13  0:09  Drone  
  14  0:17  Overlord  
  14  0:35  Drone  
  14  0:36  Drone  
  16  0:53  Hatchery  
  16  0:57  Drone  
  16  0:58  Drone  
  16  1:00  Drone  
  18  1:15  Extractor  
  17  1:20  Drone  
  17  1:21  Spawning Pool  
  17  1:26  Drone  
  18  1:50  Drone x2  
  20  1:58  Overlord  
  20  2:06  Hatchery  
  19  2:14  Drone x3  
  22  2:21  Queen  
  24  2:36  Queen  
  24  2:40  Drone x2  
  24  2:41  Drone  
  29  2:48  Metabolic Boost  
  29  2:51  Drone  
  29  2:53  Drone  
  31  3:02  Overlord  
  31  3:03  Drone  
  31  3:04  Drone  
  33  3:17  Spore Crawler  
  32  3:22  Drone, Spore Crawler  
  32  3:23  Drone x4  
  36  3:27  Zergling x2  
  35  3:53  Queen  
  37  3:56  Drone x9  
  37  3:57  Drone x3  
  49  4:05  Overlord  
  49  4:18  Drone  
  49  4:22  Lair, Queen  
  49  4:24  Extractor  
  51  4:34  Extractor  
  50  4:40  Extractor  
  50  4:42  Drone  
  50  4:43  Drone x5  
  55  5:06  Overlord x2  
  55  5:08  Zergling x2  
  55  5:09  Zergling x4  
  55  5:10  Overlord x3  
  58  5:26  Zergling x16, Spine Crawler  
  58  5:28  Spine Crawler x2  
  64  5:30  Spine Crawler  
  64  5:32  Zergling x12  
  68  5:41  Zergling x8  
  72  5:46  Overlord  
  72  5:53  Zergling x2  
  72  5:54  Zergling x2  
  74  5:58  Spore Crawler  
  73  6:15  Nydus Network  
  73  6:16  Zergling x2  
  73  6:17  Zergling x24  
  85  6:32  Drone x3  
  87  6:56  Nydus Canal  
  87  6:59  Drone x7  
  87  7:00  Drone x5  
  99  7:06  Infestation Pit  
  75  7:46  Drone x12  
  75  7:47  Drone x3  
  85  7:56  Swarm Host  
  87  8:04  Extractor x2  
  85  8:20  Extractor  
  85  8:21  Hatchery  
  85  8:22  Swarm Host x8, Spine Crawler  
  85  8:23  Spine Crawler  
  85  8:24  Extractor, Spine Crawler  
  85  8:25  Spine Crawler  
  102  8:30  Swarm Host  
  105  8:36  Overlord x3  
  105  8:52  Overlord  
  105  8:53  Overlord  
  105  8:58  Swarm Host  
  105  8:59  Swarm Host x4  
  120  9:06  Nydus Canal  
  120  9:10  Overlord x2  
  120  9:17  Hatchery  
  120  9:21  Hatchery  
  118  9:30  Swarm Host x13  
  153  9:31  Swarm Host  
  153  9:39  Swarm Host  
  153  9:40  Swarm Host  
  153  9:43  Overlord x3  
  159  9:52  Nydus Canal  
  159  9:55  Pneumatized Carapace  
  133  10:39  Zergling x20  
  133  10:40  Zergling x30  
  133  10:41  Queen x2  
  140  11:14  Swarm Host  
  140  11:15  Swarm Host x12  
  166  11:45  Swarm Host x3  
  165  12:06  Swarm Host  
  165  12:07  Swarm Host x2  
  174  12:08  Overlord x3  
  174  12:09  Overlord  
  174  12:28  Nydus Canal  
  174  12:44  Nydus Canal  
  164  13:20  Swarm Host x12  
  200  13:29  Hatchery  
  172  14:05  Drone x4  
  172  14:06  Drone x8  
  184  14:18  Nydus Canal  
  184  14:52  Spire  
  183  15:20  Zergling x6  
  183  15:21  Zergling x18  
  195  15:30  Drone x3  
  198  16:05  Mutalisk  
  188  16:41  Nydus Canal  
  188  17:04  Hatchery  
  181  17:32  Nydus Canal  
  179  18:02  Mutalisk x10  
  199  18:14  Overseer  
  199  18:16  Overseer  
  199  18:18  Overseer  
  184  19:18  Mutalisk x8  
  200  19:49  Nydus Canal  
  200  19:52  Hatchery  
  199  20:01  Hatchery  
  198  20:07  Hatchery  
  198  20:10  Mutalisk  
  198  20:14  Hatchery  
  198  20:25  Nydus Canal  
  198  20:32  Hatchery  
  197  20:38  Hatchery  
Show
View Real Time Build Order
Export as new Build Order

TinyDemon Protoss 

Build Orders: Zealot Archon 

Get SALT Encoding   

  12  0:00  Probe  
  13  0:17  Pylon  
  13  0:32  Probe  
  13  0:37  Gateway  
  13  0:40  Probe  
  15  0:50  Probe  
  16  1:02  Assimilator, Probe  
  17  1:14  Probe  
  18  1:24  Probe  
  18  1:28  Cybernetics Core  
  18  1:32  Probe  
  20  1:41  Probe  
  21  1:49  Nexus  
  21  2:05  Adept, Pylon, Assimilator  
  23  2:21  Warp Gate  
  23  2:23  Probe  
  23  2:26  Adept  
  24  2:35  Probe  
  24  2:36  Gateway  
  27  2:47  Gateway  
  27  2:56  Robotics Facility, Probe  
  27  3:01  Probe  
  27  3:05  Probe  
  30  3:13  Probe  
  31  3:30  Pylon  
  31  3:41  Immortal  
  33  3:59  Probe, Twilight Council  
  33  4:00  Probe  
  35  4:10  Zealot, Sentry  
  35  4:11  Zealot  
  35  4:12  Probe x2  
  43  4:20  Probe  
  43  4:21  Probe  
  45  4:28  Probe  
  45  4:29  Probe  
  45  4:33  Forge  
  45  4:38  Probe x2  
  47  4:40  Assimilator  
  47  4:44  Assimilator  
  49  4:46  Zealot  
  49  4:48  Charge  
  49  4:50  Probe x2  
  53  5:00  Templar Archives  
  53  5:02  Probe  
  53  5:03  Pylon  
  53  5:04  Protoss Ground Weapons Level 1  
  54  5:16  Observer  
  54  5:21  Probe x2  
  54  5:24  Nexus  
  54  5:25  Pylon  
  57  5:29  Pylon  
  57  5:33  Immortal  
  57  5:39  Probe  
  62  5:49  Gateway  
  62  5:51  Probe, Gateway  
  63  5:57  Zealot x2  
  63  5:58  High Templar  
  63  6:03  Probe  
  70  6:18  High Templar  
  70  6:23  Gateway  
  72  6:25  Pylon  
  72  6:26  Probe x2  
  72  6:29  Archon  
  72  6:30  High Templar  
  76  6:34  High Templar  
  76  6:38  Probe, Pylon  
  79  6:55  Photon Cannon  
  79  6:56  Shield Battery  
  79  6:58  Probe x3, Pylon  
  79  7:00  High Templar  
  84  7:01  Zealot x2  
  84  7:03  High Templar  
  84  7:08  Stalker  
  92  7:10  Probe  
  92  7:11  Probe  
  89  7:29  Zealot x3  
  91  7:31  Zealot  
  80  7:43  Zealot x2  
  65  7:57  Protoss Ground Weapons Level 2  
  65  8:05  Stalker x3  
  69  8:06  Zealot x2, Probe  
  69  8:08  Stalker  
  78  8:14  Probe  
  78  8:15  Probe  
  80  8:24  Probe  
  80  8:26  Probe  
  82  8:35  Archon  
  82  8:36  Archon, Probe x2  
  82  8:38  Psionic Storm  
  84  8:44  Probe  
  84  8:45  Zealot  
  84  8:46  Zealot x4  
  84  8:47  Zealot  
  97  8:48  Probe  
  97  8:52  Probe  
  97  8:53  Immortal  
  98  9:01  Probe, Forge  
  100  9:05  Probe  
  105  9:11  High Templar  
  105  9:12  High Templar  
  105  9:13  Zealot x2, Probe  
  105  9:14  Zealot  
  105  9:16  Archon  
  117  9:17  Probe  
  117  9:19  Pylon  
  117  9:20  Pylon  
  117  9:30  Probe  
  112  9:35  Warp Prism  
  110  9:47  Protoss Ground Armor Level 1  
  110  9:50  Probe  
  113  9:53  Zealot x5  
  113  9:54  Zealot  
  121  10:02  Probe  
  116  10:13  Zealot x3  
  116  10:14  Zealot, Probe  
  116  10:15  Zealot  
  101  10:26  Probe  
  92  10:33  Zealot  
  92  10:34  Zealot x4  
  86  10:36  Zealot  
  86  10:38  Immortal, Probe  
  89  11:00  High Templar  
  89  11:01  High Templar x3  
  89  11:03  Zealot x2  
  97  11:16  Archon x2  
  97  11:17  Immortal  
  71  11:42  Zealot x4  
  71  11:43  Zealot x2  
  83  11:47  Pylon  
  79  11:56  Immortal  
  80  12:06  Zealot  
  80  12:08  Zealot x5  
  68  12:39  Zealot x4  
  68  12:40  Zealot x2  
  66  13:06  Zealot x2  
  66  13:07  Zealot  
  66  13:08  Stalker, Zealot x2  
  60  13:33  Zealot x4  
  60  13:34  Zealot x2  
  35  14:03  Zealot  
  35  14:04  Zealot x4  
  45  14:21  Gateway  
  45  14:23  Gateway  
  34  14:46  Nexus  
  34  14:47  Pylon  
  34  14:50  Pylon  
  26  14:53  Gateway  
  26  14:54  Gateway  
  26  15:01  Cybernetics Core  
  26  15:16  High Templar  
  26  15:17  High Templar x5  
  26  15:21  Archon x2  
  38  15:22  Archon  
  37  15:33  Gateway  
  37  15:43  Shield Battery  
  37  15:48  Pylon  
  37  15:58  Twilight Council  
  37  16:07  Probe  
  38  16:19  Probe  
  38  16:20  Assimilator  
  38  16:23  Assimilator  
  39  16:41  Dark Shrine  
  27  17:16  Zealot x2  
  27  17:17  Zealot  
  27  17:30  Gateway  
  27  17:41  Stalker x2  
  27  17:42  Stalker  
  30  17:55  Assimilator  
  26  18:05  Dark Templar x2  
  30  18:13  Nexus  
  30  18:35  Archon  
  8  19:06  Dark Templar  
  6  19:22  Nexus  
  4  19:45  Assimilator  
  4  20:18  Nexus  
  4  20:35  Nexus  
Tags
 
Add a new tag
Caveats
  • Supply blocks, unpowered buildings, or Contaminate may cause inaccurate times.
  • Supply counts are checked every 10 seconds.